AoeStats
← Doak

Lombardia

507155543Analyzed
4v4 RM · 16d ago on Sep 16, 2026· 67m 18s· 8 players
Game mode
Random Map
Map size
Large (8 player)
Population
200
Speed
Normal
Resources
Standard
Victory
Conquest
Starting age
Dark Age
Ending age
Imperial Age
RankedLock teamsTeams togetherTeam positionsShared explorationLock speedFull tech treeHidden civsTurbo modeCheats
Victory
Defeat
🇺🇸 Poles · United States
1480
+14
🇲🇽 Britons · Mexico
1428
+16
🇬🇧 Hindustanis · United Kingdom
1416
+16
🇮🇪 Persians · Ireland
1373
+18
🇹🇷 Tatars · Türkiye
1485
-19
🇦🇷 Khitans · Argentina
1460
-17
🇩🇪 Japanese · Germany
1381
-14
🇵🇱 Mongols · Poland
1365
-14
Seifer
4:06 Loom
8:28 Feudal Age
9:01 Town Watch
9:03 Double-Bit Axe
9:52 Horse Collar
18:29 Castle Age
17:26 Wheelbarrow
17:49 Stone Mining
19:48 Bow Saw
19:45 Heavy Plow
21:14 Gold Mining
24:38 Gold Shaft Mining
24:16 Fletching
24:57 Hand Cart
24:53 Bodkin Arrow
27:09 Ballistics
31:15 Imperial Age
29:59 Padded Archer Armor
29:45 Treadmill Crane
30:17 Masonry
30:58 Leather Archer Armor
32:23 Conscription
31:27 Elite Longbowman
33:17 Two-Man Saw
32:40 Bracer
33:33 Conscription
34:17 Chemistry
33:56 Guilds
35:06 Yeomen
35:25 Ring Archer Armor
35:18 Murder Holes
35:35 Fortified Wall
37:03 Hoardings
37:52 Pikeman
38:33 Squires
38:19 Arson
38:36 Scale Mail Armor
38:47 Forging
38:21 Halberdier
39:45 Architecture
40:24 Chain Mail Armor
40:45 Iron Casting
42:49 Plate Mail Armor
43:35 Siege Engineers
46:47 Blast Furnace
54:57 Caravan
55:28 Coinage
60:47 Warwolf
65:43 Banking
Jack Tyler
10:29 Feudal Age
10:39 Loom
11:29 Double-Bit Axe
16:57 Castle Age
16:10 Stone Mining
16:16 Horse Collar
17:16 Wheelbarrow
17:53 Bow Saw
18:57 Heavy Plow
22:16 Stone Shaft Mining
25:30 Szlachta Privileges
26:46 Scale Barding Armor
27:11 Husbandry
27:21 Bloodlines
28:27 Town Watch
29:07 Chain Barding Armor
29:50 Forging
30:24 Gold Mining
31:49 Hand Cart
32:12 Iron Casting
36:44 Imperial Age
34:34 Treadmill Crane
35:08 Masonry
35:18 Ballistics
34:55 Murder Holes
36:41 Fletching
36:39 Light Cavalry
36:47 Cavalier
38:28 Blast Furnace
37:24 Bodkin Arrow
38:32 Chemistry
37:43 Fortified Wall
38:13 Crop Rotation
39:01 Conscription
39:18 Hoardings
40:38 Siege Engineers
40:36 Bracer
41:16 Caravan
43:29 Winged Hussar
43:43 Winged Hussar
48:22 Lechitic Legacy
48:35 Capped Ram
50:11 Siege Ram
Gotobann35
6:34 Loom
9:04 Feudal Age
9:37 Double-Bit Axe
9:36 Horse Collar
15:19 Forging
16:03 Scale Barding Armor
17:33 Wheelbarrow
18:08 Bloodlines
23:00 Castle Age
24:47 Bow Saw
24:08 Light Cavalry
24:58 Heavy Plow
26:44 Chain Barding Armor
27:55 Husbandry
32:40 Hand Cart
34:08 Gold Mining
37:42 Imperial Age
36:28 Iron Casting
35:48 Stone Mining
37:44 Cavalier
39:01 Plate Barding Armor
39:40 Savar
40:37 Caravan
42:09 Blast Furnace
41:35 Conscription
47:45 Hussar
49:55 Elite War Elephant
53:54 Two-Man Saw
58:47 Devotion
62:03 Ballistics
61:34 Fletching
Doak
8:58 Feudal Age
7:26 Loom
9:31 Double-Bit Axe
12:21 Horse Collar
20:34 Castle Age
18:28 Gold Mining
19:04 Scale Barding Armor
19:10 Forging
19:17 Bloodlines
20:57 Light Cavalry
22:50 Bow Saw
24:45 Chain Barding Armor
25:38 Husbandry
27:28 Wheelbarrow
26:42 Town Watch
28:07 Forging
30:45 Iron Casting
36:04 Stone Mining
39:56 Imperial Age
38:14 Padded Archer Armor
38:23 Heavy Plow
38:37 Fletching
39:28 Grand Trunk Road
39:31 Bodkin Arrow
39:54 Leather Archer Armor
39:40 Bodkin Arrow
40:16 Ballistics
39:46 Elite Skirmisher
39:57 Heavy Camel Rider
41:13 Plate Barding Armor
41:43 Chemistry
42:03 Blast Furnace
42:08 Conscription
42:30 Bracer
43:00 Leather Archer Armor
43:06 Hand Cart
43:53 Crossbowman
44:41 Thumb Ring
46:37 Shatagni
45:58 Crossbowman
50:09 Ring Archer Armor
52:03 Hussar
53:57 Scale Mail Armor
60:35 Caravan
AOE2.GG | MattWithAHat
7:52 Loom
10:51 Feudal Age
15:24 Castle Age
13:15 Double-Bit Axe
13:49 Horse Collar
16:50 Bow Saw
16:45 Heavy Plow
20:54 Scale Mail Armor
22:51 Fletching
23:02 Padded Archer Armor
25:35 Wheelbarrow
24:45 Town Watch
24:40 Pikeman
28:02 Bodkin Arrow
28:31 Ballistics
30:31 Thumb Ring
30:39 Gold Mining
30:39 Stone Mining
33:50 Imperial Age
33:28 Hand Cart
34:40 Fortified Wall
34:11 Treadmill Crane
34:42 Masonry
35:12 Gold Shaft Mining
35:01 Chain Mail Armor
34:49 Bracer
34:54 Halberdier
36:00 Town Patrol
36:36 Plate Mail Armor
36:18 Forging
36:23 Leather Archer Armor
36:44 Parthian Tactics
35:39 Heavy Cavalry Archer
37:32 Squires
37:18 Gambesons
38:39 Chemistry
37:31 Guard Tower
37:26 Arrowslits
39:24 Two-Man Saw
39:03 Caravan
39:33 Coinage
39:53 Arson
40:40 Ring Archer Armor
40:45 Iron Casting
40:41 Murder Holes
40:52 Siege Engineers
41:38 Keep
41:56 Fervor
42:06 Sanctity
41:47 Devotion
42:03 Block Printing
42:15 Illumination
42:28 Theocracy
42:41 Banking
43:09 Kataparuto
42:49 Yasama
43:10 Conscription
46:55 Man-at-Arms
48:36 Blast Furnace
47:47 Long Swordsman
48:22 Two-Handed Swordsman
49:22 Champion
Dawidowww
10:50 Feudal Age
12:25 Loom
15:27 Castle Age
13:28 Double-Bit Axe
14:24 Horse Collar
16:22 Bow Saw
19:01 Heavy Plow
22:30 Wheelbarrow
23:23 Ballistics
24:20 Fletching
25:01 Bodkin Arrow
26:16 Husbandry
28:41 Padded Archer Armor
32:33 Imperial Age
31:05 Hand Cart
31:55 Leather Archer Armor
33:17 Bracer
34:19 Chemistry
34:00 Masonry
35:00 Parthian Tactics
34:40 Thumb Ring
35:02 Conscription
35:08 Elite Mangudai
38:12 Caravan
41:06 Scale Barding Armor
42:55 Chain Barding Armor
42:46 Forging
46:09 Iron Casting
44:59 Onager
45:46 Siege Engineers
46:29 Siege Onager
49:11 Blast Furnace
48:55 Hoardings
49:31 Drill
51:45 Capped Ram
55:59 Murder Holes
59:02 Bloodlines
58:13 Light Cavalry
58:53 Hussar
59:39 Siege Ram
65:13 Coinage
66:34 Scale Mail Armor
Blas de lezo
6:56 Loom
9:50 Feudal Age
10:16 Double-Bit Axe
10:17 Domestication
14:09 Forging
16:54 Gold Mining
21:17 Castle Age
21:34 Light Cavalry
23:17 Bow Saw
25:02 Iron Casting
26:02 Husbandry
26:33 Husbandry
29:19 Pastoralism
31:11 Scale Barding Armor
33:44 Wheelbarrow
36:50 Imperial Age
39:46 Chain Barding Armor
40:07 Hussar
44:11 Plate Barding Armor
49:28 Elite Steppe Lancer
MinorCloud9519
6:24 Loom
8:41 Feudal Age
9:26 Double-Bit Axe
13:21 Fletching
14:19 Town Watch
16:34 Wheelbarrow
16:27 Padded Archer Armor
22:52 Castle Age
22:18 Gold Mining
22:09 Horse Collar
23:42 Bloodlines
24:15 Bow Saw
23:29 Crossbowman
24:32 Bodkin Arrow
26:28 Heavy Plow
29:41 Hand Cart
30:17 Stone Mining
36:24 Imperial Age
35:10 Leather Archer Armor
36:24 Husbandry
37:48 Bracer
38:51 Chemistry
38:12 Ballistics
38:27 Conscription
39:34 Ring Archer Armor
39:25 Silk Armor
40:16 Heavy Cavalry Archer
42:50 Crop Rotation
45:49 Treadmill Crane
46:15 Siege Engineers
46:20 Masonry
47:43 Caravan
51:14 Gold Shaft Mining
52:12 Elite Skirmisher
Connection lost

Rejoining the realm…

Still unreachable

The connection could not be restored.

Session expired

The server has moved on; the page needs a fresh start.